General information
- name: BNet
- type: Ladder 1vs1/FFA
- host: Battle.net
- saver: pps.0
map: TirisfalGlades
- players: 2
- length: 40:29
- speed: Fast
- version: 1.24 W3XP
- replay type: Public
» download(157 KB)
Players
team 1 (winner)
pps.0 (
yellow | 66 APM | 2689 actions | 40:29)
5 Dark Ranger
1 Black Arrow
3 Life Drain
1 Silence
2 Archmage
1 Blizzard
1 Brilliance Aura
2 Blood Mage
1 Flame Strike
1 Banish
» actions
| Assign group hotkey | 61 | |
| Basic commands | 131 | |
| Build / train | 159 | |
| ESC pressed | 6 | |
| Enter build submenu | 71 | |
| Enter hero's abilities submenu | 9 | |
| Give item / drop item | 3 | |
| Right click | 1033 | |
| Select / deselect | 536 | |
| Select group hotkey | 402 | |
| Use ability | 278 | |
2689 total
» units
| Peasant | 37 | |
| Footman | 11 | |
| Assassin | 2 | |
| Kobold Geomancer | 1 | |
| Mortar Team | 6 | |
| Dragonhawk Rider | 2 | |
| Knight | 4 | |
| Sorceress | 1 | |
| Flying Machine | 1 | |
| Gryphon Rider | 7 | |
72 total
» upgrades
| Defend | 1 | |
| Masonry | 3 | |
| Lumber Harvesting | 2 | |
| Gunpowder | 3 | |
| Fragmentation Shards | 1 | |
| Flare | 1 | |
| Armor | 4 | |
| Magic Sentry | 1 | |
| Sorceress Training | 2 | |
| Storm Hammers | 1 | |
| Cloud | 1 | |
| Animal War Training | 1 | |
| Plating | 4 | |
| Swords | 2 | |
| Flying Machine Bombs | 1 | |
| Flak Cannons | 1 | |
29 total
» buildings
| Barracks | 1 | |
| Farm | 16 | |
| Altar of Kings | 1 | |
| Scout Tower | 42 | |
| Arcane Tower | 6 | |
| Lumber Mill | 1 | |
| Town Hall | 3 | |
| Arcane Vault | 1 | |
| Guard Tower | 13 | |
| Keep | 1 | |
| Castle | 1 | |
| Blacksmith | 1 | |
| Arcane Sanctum | 2 | |
| Workshop | 2 | |
| Gryphon Aviary | 2 | |
| Cannon Tower | 2 | |
95 total
» build order
00:06 Barracks
00:28 Farm
00:29 Farm
01:07 Altar of Kings
01:40 Farm
02:25 Scout Tower
02:27 Farm
03:35 Arcane Tower
04:07 Lumber Mill
04:12 Farm
04:55 Town Hall
05:08 Town Hall
05:46 Scout Tower
06:16 Arcane Tower
06:34 Arcane Vault
07:02 Scout Tower
07:02 Scout Tower
07:03 Scout Tower
07:05 Scout Tower
07:51 Guard Tower
08:23 Keep
08:25 Scout Tower
08:26 Scout Tower
08:27 Scout Tower
08:28 Scout Tower
08:29 Scout Tower
08:48 Guard Tower
09:10 Guard Tower
09:35 Guard Tower
10:50 Farm
10:55 Farm
10:55 Farm
10:56 Farm
10:57 Farm
11:04 Castle
11:07 Blacksmith
11:27 Scout Tower
11:29 Scout Tower
12:03 Guard Tower
12:04 Guard Tower
12:08 Arcane Sanctum
12:26 Workshop
12:30 Workshop
12:36 Gryphon Aviary
13:21 Gryphon Aviary
14:36 Farm
15:09 Arcane Sanctum
16:11 Scout Tower
16:12 Scout Tower
16:12 Scout Tower
17:31 Scout Tower
17:32 Scout Tower
17:32 Scout Tower
17:33 Scout Tower
17:34 Scout Tower
17:35 Scout Tower
17:50 Arcane Tower
17:56 Scout Tower
17:56 Scout Tower
17:57 Scout Tower
18:04 Guard Tower
18:05 Guard Tower
18:08 Scout Tower
18:10 Scout Tower
18:10 Scout Tower
18:28 Guard Tower
18:36 Scout Tower
18:37 Scout Tower
18:40 Arcane Tower
18:47 Scout Tower
18:48 Scout Tower
18:58 Town Hall
19:12 Arcane Tower
19:29 Guard Tower
19:44 Scout Tower
19:44 Scout Tower
19:46 Scout Tower
19:50 Guard Tower
20:20 Guard Tower
20:22 Guard Tower
20:29 Arcane Tower
20:33 Farm
20:34 Farm
20:35 Farm
25:56 Scout Tower
25:57 Scout Tower
25:58 Scout Tower
26:00 Scout Tower
26:00 Scout Tower
26:53 Cannon Tower
26:55 Scout Tower
26:56 Scout Tower
27:58 Cannon Tower
34:50 Farm
34:50 Farm
» items
| Staff of Teleportation | 1 | |
| Scroll of Regeneration | 4 | |
| Mechanical Critter | 1 | |
| Lesser Clarity Potion | 2 | |
| Potion of Healing | 3 | |
| Staff of Sanctuary | 1 | |
| Orb of Fire | 1 | |
| Potion of Lesser Invulnerability | 3 | |
| Periapt of Vitality | 3 | |
| Boots of Speed | 2 | |
| Scroll of Healing | 1 | |
22 total
team 2 (loser)

»
assbuzz (
red | 180 APM | 7296 actions | 40:27)
4 Far Seer
2 Feral Spirit
2 Chain Lighting
4 Beastmaster
2 Summon Quilbeast
2 Summon Hawk
» actions
| Assign group hotkey | 92 | |
| Basic commands | 2 | |
| Build / train | 72 | |
| ESC pressed | 2 | |
| Enter build submenu | 18 | |
| Enter hero's abilities submenu | 8 | |
| Give item / drop item | 1 | |
| Right click | 3116 | |
| Select / deselect | 490 | |
| Select group hotkey | 3253 | |
| Use ability | 242 | |
7296 total
» units
| Peon | 6 | |
| Grunt | 6 | |
| Raider | 9 | |
| Demolisher | 5 | |
| Spirit Walker | 2 | |
| Troll Witch Doctor | 3 | |
| Shaman | 2 | |
| Tauren | 1 | |
| Wind Rider | 1 | |
35 total
» upgrades
| Berserker Strength | 1 | |
| Ensnare | 1 | |
| Pillage | 1 | |
| Backpack | 1 | |
| Spirit Walker Training | 2 | |
| Witch Doctor Training | 2 | |
| Reinforced Defenses | 1 | |
| Burning Oil | 1 | |
| Shaman Training | 2 | |
| Ranged Weapons | 1 | |
13 total
» buildings
| Altar of Storms | 1 | |
| Orc Burrow | 8 | |
| Barracks | 1 | |
| Stronghold | 1 | |
| Voodoo Lounge | 1 | |
| War Mill | 1 | |
| Beastiary | 1 | |
| Fortress | 1 | |
| Spirit Lodge | 1 | |
| Great Hall | 1 | |
| Tauren Totem | 1 | |
18 total
» build order
00:08 Altar of Storms
00:10 Orc Burrow
00:34 Barracks
01:27 Orc Burrow
02:56 Stronghold
04:07 Voodoo Lounge
04:11 War Mill
06:00 Orc Burrow
06:30 Beastiary
08:40 Orc Burrow
10:37 Fortress
10:40 Spirit Lodge
11:18 Orc Burrow
13:41 Orc Burrow
16:03 Great Hall
27:19 Tauren Totem
27:22 Orc Burrow
27:24 Orc Burrow
» items
| Potion of Healing | 1 | |
| Lesser Clarity Potion | 1 | |
| Healing Salve | 3 | |
| Scroll of Speed | 2 | |
| Boots of Speed | 1 | |
| Orb of Lightning | 1 | |
9 total
Chat log
(24:06 / All) pps.0: you forgot one
(40:24 / All) assbuzz: GG